 Dungeon Crawl Stone Soup version 0.29-a0-422-gafbd6decc1 (webtiles) character file.

Game seed: 12867690784117980442

637 rabbitsville the Magician (level 7, -2/47 HPs)
             Began as a Formicid Air Elementalist on May 18, 2022.
             Slain by a sky beast (6 damage)
             ... on level 5 of the Dungeon.
             The game lasted 00:15:49 (5213 turns).

rabbitsville the Magician (FoAE)                    Turns: 5213, Time: 00:15:50

Health: -2/47      AC:  5    Str: 12    XL:     7   Next: 79%
Magic:  11/15      EV: 12    Int: 17    God:
Gold:   213        SH:  0    Dex: 11    Spells: 13/16 levels left

rFire   + . .      SeeInvis +   y - +2 flail (holy)
rCold   . . .      Faith    .   (no shield)
rNeg    . . .      Spirit   .   x - +2 robe {rF+}
rPois   .          Reflect  .   (helmet unavailable)
rElec   .          Harm     .   (no cloak)
rCorr   +          Rampage  .   (no gloves)
Will    .....                   j - +0 pair of boots
Stlth   ++........              u - amulet of the acrobat
HPRegen 0.15/turn               k - ring of flight
MPRegen 0.14/turn               z - ring of resist corrosion

@: flying
A: permanent stasis, dig shafts and tunnels, antennae 3, four strong arms
a: Dig, Shaft Self


You were on level 5 of the Dungeon.
You visited 1 branch of the dungeon, and saw 5 of its levels.

You collected 213 gold pieces.

Inventory:

Hand Weapons
 c - a +0 trident
 y - a +2 flail of holy wrath (weapon)
Armour
 a - a +0 robe
 j - a +0 pair of boots (worn)
 p - a +1 robe of willpower
 x - a +2 robe of fire resistance (worn)
Jewellery
 k - a ring of flight (left hand)
 u - an amulet of the acrobat (around neck)
 z - a ring of resist corrosion (right hand)
Scrolls
 d - 7 scrolls of identify {unknown}
 e - a scroll of amnesia {unknown}
 g - a scroll of noise
 h - a scroll of fog {unknown}
 m - a scroll of teleportation
 o - a scroll of enchant armour {unknown}
 s - a scroll of vulnerability {unknown}
Potions
 b - a potion of magic
 f - a potion of brilliance {unknown}
 i - 4 potions of might {unknown}
 l - 2 potions of mutation {unknown}
 n - a potion of flight {unknown}
 q - a potion of cancellation {unknown}
 r - a potion of attraction {unknown}
 t - a potion of heal wounds {unknown}
 v - 2 potions of lignification {unknown}
 w - 2 potions of curing {unknown}
 A - a potion of haste {unknown}


   Skills:
 - Level 0.4 Fighting
 - Level 1.7 Dodging
 - Level 3.2 Stealth
 * Level 5.4 Spellcasting
 + Level 2.6 Conjurations
 * Level 4.8 Air Magic


You had 13 spell levels left.
You knew the following spells:

 Your Spells              Type           Power      Damage    Failure   Level
a - Shock                 Conj/Air       68%        1d7       3%          1
b - Static Discharge      Conj/Air       17%        N/A       4%          2

Your spell library contained the following spells:

 Spells                   Type           Power      Damage    Failure   Level
 Corpse Rot               Necr/Air       24%        N/A       8%          2
 Poisonous Vapours        Pois/Air       24%        N/A       8%          2
 Animate Skeleton         Necr           8%         N/A       14%         1
 Pain                     Necr           16%        1d4       14%         1
 Airstrike                Air            10%        N/A       19%         4
 Gell's Gravitas          Tloc           4%         N/A       38%         3
 Lesser Beckoning         Tloc           4%         N/A       38%         3
 Teleport Other           Tloc           4%         N/A       38%         3
 Vampiric Draining        Necr           4%         2d6       38%         3
 Swiftness                Air            Unusable   N/A       N/A         3

Dungeon Overview and Level Annotations

Branches:
Dungeon (5/15)             Temple (0/1) D:4

Altars:
Kikubaaqudgha
Okawaru
Wu Jian

Shops:
D:3 [   D:5 [

Annotations:
D:4 1 runed translucent door, Duvessa; Grinder; croobank's ghost, weakling GnDe
D:5 Menkaure


Innate Abilities, Weirdness & Mutations

You cannot be hasted, slowed, berserked, paralysed or teleported.
You can dig through walls and to a lower floor.
You have a pair of large antennae on your head. (SInv)
Your four strong arms can wield two-handed weapons with a shield.


Message History

You feel sick.
You are no longer poisoned.
A sky beast is nearby!
Aiming: Shock (safe; 3% risk of failure)
Press: ? - help, Q - select action, (/) - cycle Shift-Dir - straight line, f - sky beast
Aim: a sky beast (wandering, hasn't noticed you, 60% to hit)
The zap misses the sky beast.
The zap hits the sky beast.
The sky beast completely resists.
The air crackles with electrical energy.
The sky beast closely misses you.
The air crackles with electrical energy.
The sky beast hits you. The sky beast shocks you.
You barely miss the sky beast. The sky beast barely misses you.
You miss the sky beast. The sky beast barely misses you.
The kobold brigand shouts!
You sock the sky beast!
The sky beast is moderately wounded.
The sky beast hits you. The sky beast shocks you.
The sky beast hits you but does no damage.
You hit the sky beast.
The sky beast is moderately wounded.
Menkaure, Prince of Dust comes into view.
A white imp comes into view.
The sky beast closely misses you.
As you read the scroll labelled ZONULAUCYT, it crumbles to dust.
You hear a loud clanging noise!
It was a scroll of noise.
Menkaure shouts!
You hear a shout!
Menkaure calls on the powers of darkness!
The kobold brigand convulses!
Your body is wracked with pain!
The sky beast hits you.
* * * LOW HITPOINT WARNING * * *
The sky beast shocks you.
* * * LOW HITPOINT WARNING * * *
As you read the scroll labelled KAOMOS CISTRUDY, it crumbles to dust.
You feel a strange sense of stasis.
It was a scroll of teleportation.
The sky beast hits you.
* * * LOW HITPOINT WARNING * * *
The sky beast shocks you.
You die...

............{..
........M...).K #)# #. #5#
#.# #.# #.# #K# # #.# #.#
# #.# #.# # #.# #@#
#.≈≈≈.# # #.######Y#
##.....# # #......<.#
.+.._..+ #
##.###########.#.....# #
#####).............#.≈≈≈.#
# #).....###....
)...#.....# # #.##.#.# ##
#.##'###'# # #)##.#.# #.#
###...>....# # #)##.#.#
#.# #.........##


You could see a sky beast, a kobold brigand, Menkaure and a white imp.

Vanquished Creatures
  3 scorpions (D:5)
  A necrophage (D:3)
  2 jellies (D:5)
  A gnoll shaman (D:4)
  4 iguanas
  An orc wizard (D:5)
  2 adders (D:3)
  7 gnolls (D:4)
  An ufetubus (D:3)
  4 worms
  5 dart slugs
  5 orcs
  7 ball pythons
  7 endoplasms
  A giant cockroach (D:3)
  5 goblins
  9 hobgoblins
  A jackal (D:4)
  4 quokkas
  5 bats
  5 frilled lizards
  6 kobolds
  3 rats
89 creatures vanquished.

Notes
Turn   | Place    | Note
-------+----------+-------------------------------------------
     0 | D:1      | rabbitsville the Formicid Air Elementalist began the quest
                  | for the Orb.
     0 | D:1      | Reached XP level 1. HP: 13/13 MP: 3/3
   282 | D:1      | Reached XP level 2. HP: 10/19 MP: 3/5
   984 | D:1      | Reached XP level 3. HP: 24/24 MP: 5/7
  1684 | D:2      | Reached skill level 3 in Spellcasting
  1883 | D:2      | Reached XP level 4. HP: 30/30 MP: 3/8
  2580 | D:3      | Noticed a necrophage
  2597 | D:3      | Killed a necrophage
  2598 | D:3      | Reached skill level 1 in Conjurations
  2598 | D:3      | Reached XP level 5. HP: 24/36 MP: 1/10
  2867 | D:3      | Found a faded altar of an unknown god.
  3069 | D:3      | Found Sakoam's Antique Armour Boutique.
  3717 | D:4      | Noticed Duvessa
  3724 | D:3      | Reached skill level 4 in Spellcasting
  3823 | D:4      | Reached XP level 6. HP: 42/42 MP: 8/12
  3867 | D:4      | Found a staircase to the Ecumenical Temple.
  3870 | D:4      | Noticed Grinder
  3884 | D:3      | Learned a level 2 spell: Static Discharge
  3930 | D:5      | Entered Level 5 of the Dungeon
  4047 | D:5      | Found an iron altar of Okawaru.
  4213 | D:5      | Found Xawnem's Antique Armour Shop.
  4474 | D:5      | Reached XP level 7. HP: 47/47 MP: 5/14
  4561 | D:5      | Found an ancient bone altar of Kikubaaqudgha.
  4564 | D:5      | Found an ornate altar of the Wu Jian Council.
  4775 | D:4      | Reached skill level 5 in Spellcasting
  4989 | D:4      | Found a runed translucent door.
  4989 | D:4      | Noticed croobank's ghost (weakling GnDe)
  5211 | D:5      | Noticed Menkaure
  5213 | D:5      | Slain by a sky beast

Illustrated notes

Levels and vault maps discovered:
D:1:      lemuel_arrival_behind_the_door_large, layout_basic, hex_tiny
D:2:      layout_rooms, minmay_unequal
D:3:      layout_basic, ebering_ecumenical_altar_abandoned, serial_shops, shop,
          minmay_fountain_box, st_stairs_10
D:4:      layout_rooms, minmay_temple_entry_stoned_glass,
          hellmonk_ghost_happy_afterlife, nicolae_specific_store,
          hangedman_minor_gate_pass, uniq_duvessa, uniq_grinder
D:5:      layout_loops_ring, nicolae_overflow_squiral,
          mainiacjoe_overflow_six_doors_small, serial_shops, shop_fountains,
          uniq_menkaure, uniq_crazy_yiuf_cottage

Skill      XL: |  1  2  3  4  5  6  7 |
---------------+----------------------+-----
Stealth        | 3 |  3.2
Air Magic      | 3 4 |  4.8
Spellcasting   | 3 4 5 |  5.4
Conjurations   | 1 2 |  2.6
Fighting       | |  0.4
Dodging        | |  1.7

Action                   |  1- 3 |  4- 6 |  7- 9 || total
-------------------------+-------+-------+-------++-------
Melee: Trident           |    31 |     7 |       ||    38
       Flail             |       |     5 |     7 ||    12
       Punch             |       |       |     1 ||     1
 Cast: Shock             |    56 |   112 |    57 ||   225
       Static Discharge  |       |    11 |     7 ||    18
  Use: Scroll            |       |       |     2 ||     2
 Stab: Sleeping          |     6 |       |       ||     6
Armor: Robe              |     4 |    16 |     3 ||    23
Dodge: Dodged            |    15 |    42 |    14 ||    71

Table legend: (Time is in decaauts)
 A = Elapsed time spent in this place.
 B = Non-inter-level travel time spent in this place.
 C = Inter-level travel time spent in this place.
 D = Time resting spent in this place.
 E = Time spent auto-exploring this place.
 F = Levels seen in this place.
 G = Mean time per level.
                   A        B        C        D        E       F      G
               +--------+--------+--------+--------+--------+-----+--------+
         Total |   5230 |   5106 |    124 |    599 |   3747 |   5 | 1046.0 |
       Dungeon |   5230 |   5106 |    124 |    599 |   3747 |   5 | 1046.0 |
               +--------+--------+--------+--------+--------+-----+--------+

Top non-repeatable levels by time:
     D:3: 1541 daAuts
     D:1: 1162 daAuts
     D:2: 1160 daAuts
     D:5: 1000 daAuts
     D:4: 366 daAuts
